TOP OF THE 1ST |
Washington DC Hot Sauce batting - Pitching for Amity Gardens Westerners : RHP Rafael Reyes
|
Pitching: RHP Rafael Reyes
|
|
Batting: RHB Gonzalo García
|
0-0: Called Strike 0-1: Ball 1-1: SINGLE (Line Drive, 9S)
|
Batting: RHB Juan García
|
0-0: Ball 1-0: Called Strike 1-1: Foul Ball, location: 2F 1-2: Ball 2-2: Foul Ball, location: 2F 2-2: Ball 3-2: Base on Balls Gonzalo García to second
|
Batting: RHB Germán Ontiveros
|
0-0: Foul Ball, location: 2F 0-1: Foul Ball, location: 2F 0-2: Ball 1-2: 3-RUN HOME RUN (Flyball, 7LD), Distance : 340 ft
|
Batting: LHB Vernon Hill
|
0-0: Ground out U3 (Groundball, 34)
|
Batting: RHB Dan Salazar
|
0-0: Ball 1-0: Called Strike 1-1: Ball 2-1: Ball 3-1: Swinging Strike 3-2: Reached on error, E6 (Groundball, 6)
|
Batting: RHB Juan Vélez
|
0-0: Called Strike 0-1: Ball 1-1: Ball 2-1: Ball 3-1: Base on Balls Dan Salazar to second
|
Batting: LHB Jean Beauchemin
|
0-0: Ball 1-0: Swinging Strike 1-1: Foul Ball, location: 2F 1-2: Ball 2-2: Ball 3-2: Fielders Choice at 2nd, 4-6 (Groundball, 4) Dan Salazar to third
|
Batting: SHB Jack Hendrix
|
0-0: Ball 1-0: Ball 2-0: Called Strike 2-1: Ball 3-1: Fly out, F8 (Flyball, 8LS)
|
Top of the 1st over - 3 run(s), 2 hit(s), 1 error(s), 2 left on base; Washington DC 3 - Amity Gardens 0 |
BOTTOM OF THE 1ST |
Amity Gardens Westerners batting - Pitching for Washington DC Hot Sauce : RHP Rick McKnight
|
Pitching: RHP Rick McKnight
|
|
Batting: RHB Manny Olhoa
|
0-0: Called Strike 0-1: Swinging Strike 0-2: Strikes out swinging
|
Batting: RHB Jorge García
|
0-0: Foul Ball, location: 2F 0-1: Foul Ball, location: 2F 0-2: Ball 1-2: Ball 2-2: Foul Ball, location: 2F 2-2: Foul Ball, location: 2F 2-2: Fly out, F8 (Line Drive, 8RM)
|
Batting: RHB Josh Bergman
|
0-0: Ball 1-0: Called Strike 1-1: Foul Ball, location: 2F 1-2: Fly out, F9 (Flyball, 9LS)
|
Bottom of the 1st over - 0 run(s), 0 hit(s), 0 error(s), 0 left on base; Washington DC 3 - Amity Gardens 0 |
TOP OF THE 2ND |
Washington DC Hot Sauce batting - Pitching for Amity Gardens Westerners : RHP Rafael Reyes
|
Batting: RHB Rafael Cardenas
|
0-0: Ball 1-0: Ball 2-0: Ball 3-0: Called Strike 3-1: Called Strike 3-2: Fly out, F8 (Flyball, 8RS)
|
Batting: RHB Gonzalo García
|
0-0: SINGLE (Groundball, 6D)
|
Batting: RHB Juan García
|
0-0: Foul Ball, location: 2F 0-1: Ball 1-1: Ball 2-1: Ball Gonzalo García is caught stealing 2nd base 3-1: Swinging Strike 3-2: Strikes out swinging
|
Top of the 2nd over - 0 run(s), 1 hit(s), 0 error(s), 0 left on base; Washington DC 3 - Amity Gardens 0 |
BOTTOM OF THE 2ND |
Amity Gardens Westerners batting - Pitching for Washington DC Hot Sauce : RHP Rick McKnight
|
Batting: SHB Chris Barrett
|
0-0: Ball 1-0: Ball 2-0: Called Strike 2-1: Called Strike 2-2: Strikes out swinging
|
Batting: RHB Justin Tomlinson
|
0-0: Ball 1-0: Swinging Strike 1-1: Ground out 4-3 (Groundball, 4)
|
Batting: LHB Jack Mitchell
|
0-0: Called Strike 0-1: Ball 1-1: Foul Ball, location: 2F 1-2: Fly out, F8 (Flyball, 8LS)
|
Bottom of the 2nd over - 0 run(s), 0 hit(s), 0 error(s), 0 left on base; Washington DC 3 - Amity Gardens 0 |
TOP OF THE 3RD |
Washington DC Hot Sauce batting - Pitching for Amity Gardens Westerners : RHP Rafael Reyes
|
Batting: RHB Germán Ontiveros
|
0-0: Ball 1-0: Fly out, F1 (Line Drive, 15)
|
Batting: LHB Vernon Hill
|
0-0: Ball 1-0: Called Strike 1-1: Called Strike 1-2: Foul Ball, location: 2F 1-2: Ball 2-2: Ball 3-2: Foul Ball, location: 2F 3-2: Fly out, F9 (Flyball, 9S)
|
Batting: RHB Dan Salazar
|
0-0: Called Strike 0-1: Foul Ball, location: 2F 0-2: Fly out, F5 (Popup, 5)
|
Top of the 3rd over - 0 run(s), 0 hit(s), 0 error(s), 0 left on base; Washington DC 3 - Amity Gardens 0 |
BOTTOM OF THE 3RD |
Amity Gardens Westerners batting - Pitching for Washington DC Hot Sauce : RHP Rick McKnight
|
Batting: RHB Jonathon García
|
0-0: DOUBLE (Line Drive, 9LM)
|
Batting: RHB Pat Johnston
|
0-0: Called Strike 0-1: Foul Ball, location: 2F 0-2: Ball 1-2: Fly out, F9 (Flyball, 9S)
|
Batting: RHB Tomás Rivera
|
0-0: Called Strike 0-1: Ground out 4-3 (Groundball, 4) Jonathon García to third
|
Batting: RHB Manny Olhoa
|
0-0: Ball 1-0: Called Strike 1-1: Called Strike 1-2: Fly out, F9 (Flyball, 9D)
|
Bottom of the 3rd over - 0 run(s), 1 hit(s), 0 error(s), 1 left on base; Washington DC 3 - Amity Gardens 0 |
TOP OF THE 4TH |
Washington DC Hot Sauce batting - Pitching for Amity Gardens Westerners : RHP Rafael Reyes
|
Batting: RHB Juan Vélez
|
0-0: Ball 1-0: Called Strike 1-1: SINGLE (Line Drive, 7LM)
|
Batting: LHB Jean Beauchemin
|
0-0: Ball 1-0: Ball 2-0: Ball 3-0: Base on Balls Juan Vélez to second
|
Batting: SHB Jack Hendrix
|
0-0: Swinging Strike 0-1: Ball 1-1: Swinging Strike 1-2: Foul Ball, location: 2F 1-2: Strikes out looking
|
Batting: RHB Rafael Cardenas
|
0-0: Foul Ball, location: 2F 0-1: Fielders Choice at 3rd, U5 (Groundball, 5L) Jean Beauchemin to second
|
Batting: RHB Gonzalo García
|
0-0: Ball 1-0: Fly out, F8 (Line Drive, 8RS)
|
Top of the 4th over - 0 run(s), 1 hit(s), 0 error(s), 2 left on base; Washington DC 3 - Amity Gardens 0 |
BOTTOM OF THE 4TH |
Amity Gardens Westerners batting - Pitching for Washington DC Hot Sauce : RHP Rick McKnight
|
Batting: RHB Jorge García
|
0-0: Ball 1-0: Ball 2-0: Ball 3-0: Called Strike 3-1: Foul Ball, location: 2F 3-2: Strikes out looking
|
Batting: RHB Josh Bergman
|
0-0: Ball 1-0: Called Strike 1-1: Ball 2-1: Swinging Strike 2-2: Strikes out looking
|
Batting: SHB Chris Barrett
|
0-0: Reached on error, E4 (Groundball, 4M)
|
Batting: RHB Justin Tomlinson
|
0-0: Ball 1-0: Called Strike 1-1: SINGLE (Groundball, 56D) Chris Barrett to second
|
Batting: LHB Jack Mitchell
|
0-0: Ball 1-0: Ball 2-0: Fly out, F8 (Flyball, 8LM)
|
Bottom of the 4th over - 0 run(s), 1 hit(s), 1 error(s), 2 left on base; Washington DC 3 - Amity Gardens 0 |
TOP OF THE 5TH |
Washington DC Hot Sauce batting - Pitching for Amity Gardens Westerners : RHP Rafael Reyes
|
Batting: RHB Juan García
|
0-0: Called Strike 0-1: Ball 1-1: Swinging Strike 1-2: Strikes out swinging
|
Pitching: LHP Tony Grimes
|
|
Batting: RHB Germán Ontiveros
|
0-0: Ball 1-0: Swinging Strike 1-1: Ground out 5-3 (Groundball, 56S)
|
Batting: LHB Vernon Hill
|
0-0: Called Strike 0-1: Ball 1-1: Foul Ball, location: 2F 1-2: Fly out, F5 (Popup, 56S)
|
Top of the 5th over - 0 run(s), 0 hit(s), 0 error(s), 0 left on base; Washington DC 3 - Amity Gardens 0 |
BOTTOM OF THE 5TH |
Amity Gardens Westerners batting - Pitching for Washington DC Hot Sauce : RHP Rick McKnight
|
Batting: RHB Jonathon García
|
0-0: Called Strike 0-1: Ball 1-1: Ball 2-1: Swinging Strike 2-2: Ball 3-2: Base on Balls
|
Batting: RHB Pat Johnston
|
0-0: Ball 1-0: Fly out, F7 (Flyball, 7)
|
Batting: RHB Tomás Rivera
|
0-0: Ball 1-0: Called Strike 1-1: Ball 2-1: Ball 3-1: Swinging Strike 3-2: Foul Ball, location: 2F 3-2: Strikes out looking
|
Batting: RHB Manny Olhoa
|
0-0: Called Strike 0-1: Ground out U3 (Groundball, 3S)
|
Bottom of the 5th over - 0 run(s), 0 hit(s), 0 error(s), 1 left on base; Washington DC 3 - Amity Gardens 0 |
TOP OF THE 6TH |
Washington DC Hot Sauce batting - Pitching for Amity Gardens Westerners : LHP Tony Grimes
|
Batting: RHB Dan Salazar
|
0-0: Foul Ball, location: 2F 0-1: Ground out 5-3 (Groundball, 56)
|
Batting: RHB Juan Vélez
|
0-0: Ball 1-0: Ball 2-0: Foul Ball, location: 2F 2-1: Foul Ball, location: 2F 2-2: Ball 3-2: Foul Ball, location: 2F 3-2: Base on Balls
|
Batting: LHB Jean Beauchemin
|
0-0: Ball 1-0: Fly out, F8 (Flyball, 8LS)
|
Batting: SHB Jack Hendrix
|
0-0: Foul Ball, location: 2F 0-1: Called Strike 0-2: Ball 1-2: Strikes out swinging
|
Top of the 6th over - 0 run(s), 0 hit(s), 0 error(s), 1 left on base; Washington DC 3 - Amity Gardens 0 |
BOTTOM OF THE 6TH |
Amity Gardens Westerners batting - Pitching for Washington DC Hot Sauce : RHP Rick McKnight
|
Batting: RHB Jorge García
|
0-0: Swinging Strike 0-1: Ball 1-1: Foul Ball, location: 2F 1-2: Foul Ball, location: 2F 1-2: Strikes out looking
|
Batting: RHB Josh Bergman
|
0-0: Ball 1-0: Foul Ball, location: 2F 1-1: Ball 2-1: Ball 3-1: Swinging Strike 3-2: Strikes out swinging
|
Batting: SHB Chris Barrett
|
0-0: Ball 1-0: Swinging Strike 1-1: Swinging Strike 1-2: Ball 2-2: Foul Ball, location: 2F 2-2: Strikes out swinging
|
Bottom of the 6th over - 0 run(s), 0 hit(s), 0 error(s), 0 left on base; Washington DC 3 - Amity Gardens 0 |
TOP OF THE 7TH |
Washington DC Hot Sauce batting - Pitching for Amity Gardens Westerners : LHP Tony Grimes
|
Batting: RHB Rafael Cardenas
|
0-0: Called Strike 0-1: Ball 1-1: Ball 2-1: Ball 3-1: Ground out 6-3 (Groundball, 6)
|
Batting: RHB Gonzalo García
|
0-0: Called Strike 0-1: Swinging Strike 0-2: Ball 1-2: Foul Ball, location: 2F 1-2: Foul Ball, location: 2F 1-2: Ball 2-2: Ball 3-2: Foul Ball, location: 2F 3-2: SINGLE (Line Drive, 7S)
|
Batting: RHB Juan García
|
0-0: Ball 1-0: Ball 2-0: Ball 3-0: Base on Balls Gonzalo García to second
|
Pitching: RHP Raúl Letona
|
|
Batting: RHB Germán Ontiveros
|
0-0: Ball 1-0: Ball 2-0: Ball 3-0: Called Strike 3-1: Base on Balls Gonzalo García to third Juan García to second
|
Batting: LHB Vernon Hill
|
0-0: GRAND SLAM HOME RUN (Flyball, 89XD), Distance : 427 ft
|
Batting: RHB Dan Salazar
|
0-0: Ball 1-0: Foul Ball, location: 2F 1-1: Reached via error on a dropped throw, E3
|
Batting: RHB Juan Vélez
|
0-0: SINGLE (Line Drive, 34D) Dan Salazar to second
|
Batting: LHB Jean Beauchemin
|
0-0: Ball 1-0: Ball 2-0: Called Strike 2-1: Called Strike 2-2: Strikes out swinging
|
Batting: SHB Jack Hendrix
|
0-0: Fielders Choice at 2nd, 4-6 (Groundball, 34D)
|
Top of the 7th over - 4 run(s), 3 hit(s), 1 error(s), 1 left on base; Washington DC 7 - Amity Gardens 0 |
BOTTOM OF THE 7TH |
Amity Gardens Westerners batting - Pitching for Washington DC Hot Sauce : RHP Rick McKnight
|
Pitching: RHP Brock Corless
|
|
Batting: RHB Justin Tomlinson
|
0-0: Ball 1-0: Ball 2-0: Foul Ball, location: 2F 2-1: Ground out 1-3 (Groundball, 13)
|
Batting: LHB Jack Mitchell
|
0-0: Ground out 1-3 (Groundball, 13)
|
Batting: RHB Jonathon García
|
0-0: Foul Ball, location: 2F 0-1: Foul Ball, location: 2F 0-2: Ground out 3-1 (Groundball, 34)
|
Bottom of the 7th over - 0 run(s), 0 hit(s), 0 error(s), 0 left on base; Washington DC 7 - Amity Gardens 0 |
TOP OF THE 8TH |
Washington DC Hot Sauce batting - Pitching for Amity Gardens Westerners : RHP Raúl Letona
|
Batting: RHB Rafael Cardenas
|
0-0: Ball 1-0: Ground out 4-3 (Groundball, 4)
|
Batting: RHB Gonzalo García
|
0-0: Ball 1-0: Ground out 5-3 (Groundball, 56)
|
Batting: RHB Juan García
|
0-0: Ball 1-0: Called Strike 1-1: Ball 2-1: Ball 3-1: Foul Ball, location: 2F 3-2: Foul Ball, location: 2F 3-2: Foul Ball, location: 2F 3-2: Base on Balls
|
Batting: RHB Germán Ontiveros
|
0-0: Ball 1-0: Called Strike 1-1: Fly out, F8 (Line Drive, 8LS)
|
Top of the 8th over - 0 run(s), 0 hit(s), 0 error(s), 1 left on base; Washington DC 7 - Amity Gardens 0 |
BOTTOM OF THE 8TH |
Amity Gardens Westerners batting - Pitching for Washington DC Hot Sauce : RHP Brock Corless
|
Now at 2B: Kevin Wilson
|
|
Batting: RHB Pat Johnston
|
0-0: Swinging Strike 0-1: Ball 1-1: Foul Ball, location: 2F 1-2: SINGLE (Line Drive, 7S)
|
Batting: RHB Tomás Rivera
|
0-0: Called Strike 0-1: Foul Ball, location: 2F 0-2: Ball 1-2: Ball 2-2: Fly out, F3 (Line Drive, 3) Lined into DP, U3 (Line Drive, 3)
|
Batting: RHB Manny Olhoa
|
0-0: Called Strike 0-1: SINGLE (Flyball, 9S)
|
Batting: RHB Jorge García
|
0-0: Fly out, F9 (Flyball, 89S)
|
Bottom of the 8th over - 0 run(s), 2 hit(s), 0 error(s), 1 left on base; Washington DC 7 - Amity Gardens 0 |
TOP OF THE 9TH |
Washington DC Hot Sauce batting - Pitching for Amity Gardens Westerners : RHP Raúl Letona
|
Batting: LHB Vernon Hill
|
0-0: Ball 1-0: Swinging Strike 1-1: Swinging Strike 1-2: Ground out 1-3 (Groundball, 13S)
|
Batting: RHB Dan Salazar
|
0-0: Ground out 1-3 (Groundball, P)
|
Batting: RHB Juan Vélez
|
0-0: Reached on error, E5 (Groundball, 5)
|
Batting: LHB Jean Beauchemin
|
0-0: Foul Ball, location: 2F 0-1: Foul Ball, location: 2F 0-2: Foul Ball, location: 2F 0-2: Ball 1-2: Ball Juan Vélez steals 2nd base 2-2: SINGLE (Groundball, 6MD) Juan Vélez to third Runner from 3rd tries for Home, SAFE, no throw
|
Batting: SHB Jack Hendrix
|
0-0: Called Strike 0-1: Ball 1-1: Foul Ball, location: 2F 1-2: SINGLE (Groundball, 4MD) Jean Beauchemin to second Jean Beauchemin to third
|
Batting: RHB Kevin Wilson
|
0-0: Ground out 3-1 (Groundball, 34S)
|
Top of the 9th over - 1 run(s), 2 hit(s), 1 error(s), 2 left on base; Washington DC 8 - Amity Gardens 0 |
BOTTOM OF THE 9TH |
Amity Gardens Westerners batting - Pitching for Washington DC Hot Sauce : RHP Brock Corless
|
Batting: RHB Josh Bergman
|
0-0: SINGLE (Line Drive, 4D)
|
Batting: SHB Chris Barrett
|
0-0: Fly out, F9 (Line Drive, 9D)
|
Batting: RHB Justin Tomlinson
|
0-0: Grounds into double play, 6-4-3 (Groundball, 6M)
|
Bottom of the 9th over - 0 run(s), 1 hit(s), 0 error(s), 0 left on base; Washington DC 8 - Amity Gardens 0 |
|